 Dungeon Crawl Stone Soup version 0.30.0-29-ga12c61a403 (webtiles) character file.

Game seed: 2688719351492967920

723 monsoonserge the Insei (level 7, 0/44 HPs)
             Began as an Octopode Transmuter on June 15, 2023.
             Was an Initiate of Gozag.
             Slain by a steam dragon (6 damage)
             ... on level 6 of the Dungeon.
             The game lasted 00:17:37 (3955 turns).

monsoonserge the Insei (Octopode Transmuter)        Turns: 3955, Time: 00:17:38

Health: 0/44       AC:  2    Str:  7 (10) XL:     7   Next: 71%
Magic:  9/11       EV: 20    Int: 14 (17) God:    Gozag
Gold:   308        SH:  0    Dex: 14 (17) Spells: 3/12 levels left

rFire   . .          .
                       - Unarmed
rCold   . . .        (shield currently unavailable)
rNeg    . . .        (helmet currently unavailable)
rPois   x            (no amulet)
rElec   .            (no ring)
rCorr   .            (no ring)
SInv    .            (no ring)
Will    .....        (no ring)
Stlth   +            (no ring)
HPRegen 0.27/turn    (no ring)
MPRegen 0.12/turn    (no ring)
                     (no ring)

%: no passive effects
@: spider-form
A: venomous fangs, almost no armour, (amphibious), 8 rings, tiny, (camouflage
1), (gelatinous body 1), (nimble swimmer 1), (tentacles)
a: End Transformation, Renounce Religion, Potion Petition, Call Merchant, Bribe
Branch


You were on level 6 of the Dungeon.
You worshipped Gozag.
Gozag was aware of your devotion.
You were a venomous arachnid creature.
You visited 1 branch of the dungeon, and saw 6 of its levels.

You collected 388 gold pieces.
You paid 80 gold pieces to Gozag.

Inventory:

Hand Weapons
 a - a +0 sling
Missiles
 e - 2 boomerangs (quivered)
 o - 5 javelins
 z - 4 poisoned darts
Jewellery
 m - a ring of fire
Wands
 c - a wand of flame (19)
 n - a wand of mindburst (1)
Scrolls
 b - a scroll of enchant armour
 d - 2 scrolls of teleportation {unknown}
 g - 2 scrolls of poison {unknown}
 i - 2 scrolls of vulnerability {unknown}
 k - 2 scrolls of enchant weapon {unknown}
 t - 2 scrolls of immolation {unknown}
 u - a scroll of magic mapping
 y - a scroll of amnesia
Potions
 h - a potion of haste {unknown}
 j - a potion of might {unknown}
 l - a potion of resistance {unknown}
 p - a potion of mutation {unknown}
 q - 4 potions of flight
 r - 4 potions of lignification
 s - a potion of heal wounds {unknown}
 v - a potion of brilliance {unknown}
 w - a potion of attraction {unknown}


   Skills:
 + Level 1.9 Fighting
 + Level 0.5 Ranged Weapons
 + Level 0.1 Throwing
 + Level 3.4 Dodging
 * Level 6.0 Unarmed Combat
 * Level 3.0 Spellcasting
 + Level 4.0 Transmutations
 - Level 1.0 Fire Magic
 * Level 2.3 Poison Magic
 + Level 0.4 Evocations


You had 3 spell levels left.
You knew the following spells:

 Your Spells              Type           Power      Damage    Failure   Level
a - Beastly Appendage     Tmut           26%        N/A       13%         1
b - Wereblood             Tmut           13%        N/A       17%         2
c - Spider Form           Tmut/Pois      11%        N/A       36%         3
d - Ignite Poison         Fire/Tmut/Pois 9%         N/A       45%         3

Your spell library contained the following spells:

 Spells                   Type           Power      Damage    Failure   Level
 Passwall                 Tmut/Erth      5%         N/A       32%         2
 Ensorcelled Hibernation  Hex/Ice        4%         N/A       54%         2
 Gell's Gravitas          Tloc           2%         N/A       75%         3
 Swiftness                Air            2%         N/A       75%         3
 Teleport Other           Tloc           2%         N/A       75%         3
 Ice Form                 Ice/Tmut       7%         N/A       85%         4
 Sticky Flame             Conj/Fire      3%         2d3       95%         4
 Anguish                  Hex/Necr       1%         N/A       98%         4
 Dispersal                Tloc           1%         N/A       100%        6
 Ignition                 Fire           2%         3d3       100%        8


Dungeon Overview and Level Annotations

Branches:
Dungeon (6/15)
 Temple: D:4-7

Altars:
Dithmenos
Fedhas
Gozag
Yredelemnul
Zin


Innate Abilities, Weirdness & Mutations

You are a venomous arachnid creature.
You have venomous fangs.
You are tiny and dextrous.
Your spellcasting is less reliable in this form.
Your armour is entirely melded.
You are incapable of wielding weapons or throwing items.
You cannot wear most types of armour.
((You are amphibious.))
You can wear up to eight rings at the same time.
((Your skin changes colour to match your surroundings (Stealth+).))
((Your rubbery body absorbs attacks. (AC +1, EV +1)))
((You are camouflaged when in or above water. (Stealth+)))
((You have tentacles for arms and can constrict up to eight enemies at once.))


Message History

There is a stone staircase leading up here.
Your tentacle spike disappears.
HP restored.
You open the door.
Found a plate armour.
There is an open door here.
A steam dragon comes into view.
Found a short sword.
Casting: Beastly Appendage (safe; 3% risk of failure)
Confirm with . or Enter, or press ? or * to list all spells.
You turn into a venomous arachnid creature.
The steam dragon hisses angrily.
The steam dragon breathes steam at you. The ball of steam hits you!!
You see here a +0 short sword.
You barely miss the steam dragon.
The steam dragon bites you but does no damage.
The steam dragon claws you.
You hit the steam dragon but do no damage.
The steam dragon is poisoned.
The steam dragon bites you. The steam dragon claws you.
You hit the steam dragon.
The steam dragon is lightly wounded.
The steam dragon closely misses you. The steam dragon misses you.
You hit the steam dragon but do no damage.
The steam dragon looks as sick as possible!
The steam dragon is moderately wounded.
The steam dragon bites you!
* * * LOW HITPOINT WARNING * * *
The steam dragon claws you.
* * * LOW HITPOINT WARNING * * *
Press: ? - help, v - describe, . - travel
Here: a steam dragon (moderately wounded, extremely poisoned)
The floor.
It was a potion of degeneration.
There was something very wrong with that liquid.
You feel weakened.
You feel dopey.
You feel clumsy. The steam dragon bites you.
You die...
Your body crumbles into a pile of gold.

...........................
............................
............................
......................
#####...######'#.......
..........[....+.......
....##.##.....#....... #
##.§.##....#......
#.s...#....# .....
#.D⌠.~#....# ....
#...~≈#....# ..~~≈##....#
~~≈####.....# #### .....#


You could see a steam dragon (extremely poisoned).

Vanquished Creatures
  Sigmund (D:2)
  Edmund (D:4)
  An ogre (D:4)
  2 scorpions (D:5)
  A wight (D:5)
  A sleepcap (D:5)
  2 orc wizards (D:4)
  An adder (D:4)
  A shadow imp (D:6)
  2 dart slugs
  5 orcs (D:4)
  8 endoplasms
  5 giant cockroaches
  8 goblins
  6 hobgoblins
  9 jackals
  6 quokkas
  8 ball pythons
  6 bats (D:1)
  5 frilled lizards
  6 kobolds
  4 rats
89 creatures vanquished.

Vanquished Creatures (others)
  Blork the orc (D:5)
  2 scorpions (D:5)
  An iguana (D:5)
  An orc (D:5)
  A jackal (D:5)
6 creatures vanquished.

Grand Total: 95 creatures vanquished

Notes
Turn   | Place    | Note
-------+----------+-------------------------------------------
     0 | D:1      | monsoonserge the Octopode Transmuter began the quest for
                  | the Orb.
     0 | D:1      | Reached XP level 1. HP: 13/13 MP: 3/3
   203 | D:1      | Reached XP level 2. HP: 10/18 MP: 3/5
   388 | D:1      | Reached XP level 3. HP: 23/23 MP: 4/6
   391 | D:1      | Learned a level 2 spell: Wereblood
   395 | D:1      | Learned a level 3 spell: Spider Form
   500 | D:1      | Found a faded altar of an unknown god.
   987 | D:2      | Found a glowing silver altar of Zin.
  1162 | D:2      | Noticed Sigmund
  1185 | D:2      | Killed Sigmund
  1186 | D:2      | Reached skill level 4 in Unarmed Combat
  1186 | D:2      | Reached skill level 1 in Poison Magic
  1186 | D:2      | Reached XP level 4. HP: 11/28 MP: 1/7
  1186 | D:2      | Reached XP level 5. HP: 13/33 MP: 1/8
  1813 | D:3      | Found a shadowy altar of Dithmenos.
  1851 | D:3      | Reached XP level 6. HP: 38/38 MP: 5/9
  2005 | D:3      | Found a blossoming altar of Fedhas.
  2069 | D:3      | You fall into a shaft and drop 1 floor!
  2343 | D:4      | Found a basalt altar of Yredelemnul.
  2423 | D:4      | Reached skill level 5 in Unarmed Combat
  2870 | D:4      | Found an opulent altar of Gozag.
  2903 | D:4      | Became a worshipper of Gozag Ym Sagoz the Greedy
  3210 | D:5      | Entered Level 5 of the Dungeon
  3318 | D:5      | Learned a level 3 spell: Ignite Poison
  3367 | D:5      | Noticed an ice beast
  3486 | D:5      | Reached XP level 7. HP: 20/43 MP: 10/10
  3611 | D:5      | Noticed Edmund
  3640 | D:4      | Killed Edmund
  3641 | D:4      | Reached skill level 1 in Fire Magic
  3857 | D:5      | Killed Blork the orc
  3901 | D:5      | Reached skill level 6 in Unarmed Combat
  3946 | D:6      | Noticed a steam dragon
  3955 | D:6      | Slain by a steam dragon

Illustrated notes

Levels and vault maps discovered:
D:1:      zelgadis_glass_arrival_large, layout_rooms,
          ebering_ecumenical_altar_hall, minivault_5, minmay_tetromino_t4
D:2:      layout_basic, basic_altar, minmay_vboxes, uniq_sigmund
D:3:      layout_rooms, fedhas_altar_3, grunt_dithmenos_smoke, fountainhead
D:4:      layout_loops_corners, mainiacjoe_overflow_small_starburst,
          mainiacjoe_overflow_catwalk
D:5:      layout_loops_corners, xom_confusion_cloud, uniq_edmund,
          uniq_blork_the_orc
D:6:      cheibrodos_steamvent, layout_gridville, minmay_temple_entry_junction

Skill      XL: |  1  2  3  4  5  6  7 |
---------------+----------------------+-----
Dodging        | 3 |  3.4
Unarmed Combat | 4 5 6 |  6.0
Transmutations | 3 4 |  4.0
Poison Magic   | 1 2 |  2.3
Fire Magic     | 1 |  1.0
Spellcasting   | 3 |  3.0
Fighting       | |  1.9
Ranged Weapons | |  0.5
Throwing       | |  0.1
Evocations     | |  0.4

Action                     |  1- 3 |  4- 6 |  7- 9 || total
---------------------------+-------+-------+-------++-------
  Melee: Unarmed           |    95 |    76 |    28 ||   199
         Kick              |    28 |    18 |     9 ||    55
         Constrict         |    21 |    15 |     5 ||    41
         Tentacles         |    13 |    13 |     6 ||    32
         Punch             |     1 |     2 |     2 ||     5
   Fire: Sling             |       |     5 |       ||     5
  Throw: Boomerang         |     1 |     2 |       ||     3
   Cast: Beastly Appendage |    20 |    23 |     4 ||    47
         Spider Form       |     1 |     4 |     2 ||     7
  Evoke: Wand              |     3 |       |       ||     3
    Use: Potion            |     1 |       |     1 ||     2
         Scroll            |       |       |     5 ||     5
   Stab: Sleeping          |     2 |     8 |       ||    10
 Armour: Skin              |    10 |     2 |     1 ||    13
  Dodge: Dodged            |    70 |    39 |    20 ||   129
